 Dungeon Crawl Stone Soup version 0.30-a0-800-g7c544603b3 (webtiles) character file.

Game seed: 13724987127861290711

197400 BubbleThief the Devastator (level 17, -10/140 HPs)
             Began as a Yellow Draconian Conjurer on Feb 21, 2023.
             Was the Champion of Sif Muna.
             Killed from afar by Nikola (38 damage)
             ... with a bolt of lightning
             ... on level 3 of the Spider Nest on Feb 22, 2023.
             The game lasted 01:41:33 (41379 turns).

BubbleThief the Devastator (DrCj)                  Turns: 41379, Time: 01:41:34

Health: -10/140    AC: 18    Str: 12    XL:     17   Next: 77%
Magic:  20/37      EV: 12    Int: 32    God:    Sif Muna [******]
Gold:   1814       SH:  0    Dex: 11    Spells: 10/48 levels left

rFire   + . .      SeeInvis .    U - +8 halberd of the Ancient Wars {spect, rN+ Will+ Str+3}
rCold   + . .      Faith    .    (shield currently unavailable)
rNeg    + . .      Spirit   .    (body armour unavailable)
rPois   +          Reflect  .    w - +2 hat
rElec   .          Harm     .    y - +2 cloak
rCorr   +          Rampage  .    m - +2 pair of gloves
Will    ++...                    f - +0 pair of boots
Stlth   ++                       I - amulet of regeneration
HPRegen 1.23/turn                x - ring of the Scavenger {rF+ rC+ Int+6}
MPRegen 0.25/turn                h - ring of poison resistance

@: no status effects
A: spit acid, AC +9, unfitting armour, acidic bite, cold-blooded, acid
resistance
}: 1/15 runes: decaying
a: Breathe Acid, Renounce Religion, Channel Magic, Forget Spell, Divine Exegesis


You were on level 3 of the Spider Nest.
You worshipped Sif Muna.
Sif Muna was exalted by your worship.
You visited 6 branches of the dungeon, and saw 30 of its levels.
You also visited: Bailey and Ice Cave.

You collected 2994 gold pieces.
You spent 1180 gold pieces at shops.

Inventory:

Hand Weapons
 U - the +8 halberd of the Ancient Wars (weapon) {spect, rN+ Will+ Str+3}
   (You found it on level 12 of the Dungeon)

   Str:       It affects your strength (+3).
   rN:        It protects you from negative energy.
   Will:      It increases your willpower.
Missiles
 l - a throwing net
Armour
 f - a +0 pair of boots (worn)
 m - a +2 pair of gloves (worn)
 w - a +2 hat (worn)
 y - a +2 cloak (worn)
 H - a +2 buckler of reflection
Magical Staves
 W - a staff of fire
Jewellery
 h - a ring of poison resistance (right hand)
 o - a ring of willpower
 q - a ring of flight
 u - a +5 ring of evasion
 x - the ring of the Scavenger (left hand) {rF+ rC+ Int+6}
   (You bought it in a shop on level 2 of the Orcish Mines)

   [ring of intelligence]

   Int:       It affects your intelligence (+6).
   rF:        It protects you from fire.
   rC:        It protects you from cold.
 D - a ring of fire
 F - a ring of wizardry
 I - an amulet of regeneration (around neck)
Wands
 v - a wand of roots (7)
 J - a wand of flame (98)
 K - a wand of acid (5)
 O - a wand of mindburst (7)
 T - a wand of paralysis (5)
Scrolls
 b - 5 scrolls of magic mapping
 j - 16 scrolls of identify
 k - 5 scrolls of enchant armour
 n - 6 scrolls of teleportation
 r - 3 scrolls of amnesia
 C - 4 scrolls of fear
 E - 3 scrolls of blinking
 N - 4 scrolls of fog
 P - 2 scrolls of enchant weapon
 R - a scroll of silence
 S - 4 scrolls of poison
 V - a scroll of brand weapon
Potions
 a - a potion of magic
 c - 2 potions of ambrosia
 d - 10 potions of curing
 e - 10 potions of might
 g - 7 potions of heal wounds
 i - 4 potions of flight
 p - 6 potions of haste
 s - a potion of brilliance
 t - a potion of invisibility
 z - 3 potions of berserk rage
 A - 10 potions of mutation
 B - 4 potions of cancellation
 G - 13 potions of attraction
 M - 3 potions of lignification
 Q - 2 potions of resistance
Miscellaneous
 L - a phantom mirror


   Skills:
 - Level 10.0 Fighting
 - Level 1.7 Dodging
 - Level 1.7 Stealth
 - Level 1.1 Shields
 - Level 16.0 Spellcasting
 + Level 19.0 Conjurations
 + Level 19.0 Fire Magic


You had 10 spell levels left.
You knew the following spells:

 Your Spells              Type           Power      Damage    Failure   Level
a - Ignite Poison         Fire/Tmut/Pois 60%        N/A       1%          3
b - Iron Shot             Conj/Erth      36%        9d7       4%          6
c - Fireball              Conj/Fire      49%        3d19      1%          5
d - Sticky Flame          Conj/Fire      99%        2d11      0%          4
e - Starburst             Conj/Fire      49%        6d14      1%          6
f - Irradiate             Conj/Tmut      36%        3d23      1%          5
g - Fire Storm            Conj/Fire      49%        8d13      56%         9

Your spell library contained the following spells:

 Spells                   Type           Power      Damage    Failure   Level
 Foxfire                  Conj/Fire      100%       2x1d9     0%          1
 Magic Dart               Conj           100%       1d8       0%          1
 Scorch                   Fire           100%       2d10      0%          2
 Searing Ray              Conj           100%       2d8       0%          2
 Flame Wave               Conj/Fire      99%        2d21      0%          4
 Apportation              Tloc           50%        N/A       1%          1
 Beastly Appendage        Tmut           50%        N/A       1%          1
 Kiss of Death            Conj/Necr      100%       2d13      1%          1
 Necrotise                Necr           100%       1d9       1%          1
 Sandblast                Erth           50%        2d12      1%          1
 Shock                    Conj/Air       100%       1d9       1%          1
 Slow                     Hex            100%       N/A       1%          1
 Summon Small Mammal      Summ           100%       N/A       1%          1
 Momentum Strike          Conj/Tloc      100%       3d10      1%          2
 Static Discharge         Conj/Air       100%       2-7/arc   1%          2
 Dazzling Flash           Conj/Hex       100%       N/A       1%          3
 Hailstorm                Conj/Ice       72%        3d15      1%          3
 Mephitic Cloud           Conj/Pois/Air  60%        N/A       1%          3
 Stone Arrow              Conj/Erth      100%       3d13      1%          3
 Fulminant Prism          Conj/Hex       36%        3d18      1%          4
 Iskenderun's Mystic Bla  Conj/Tloc      72%        2d15      1%          4
 Arcjolt                  Conj/Air       36%        1d46      1%          5
 Iskenderun's Battlesphe  Conj           99%        2d15      1%          5
 Lightning Bolt           Conj/Air       36%        1d54      1%          5
 Orb of Destruction       Conj           49%        9d13      1%          7
 Cigotuvi's Dreadful Rot  Necr/Pois/Air  50%        N/A       2%          2
 Lesser Beckoning         Tloc           50%        N/A       2%          2
 Passwall                 Tmut/Erth      20%        N/A       2%          2
 Wereblood                Tmut           25%        N/A       2%          2
 Freezing Cloud           Conj/Ice/Air   30%        6-21      3%          5
 Call Canine Familiar     Summ           25%        N/A       4%          3
 Gell's Gravitas          Tloc           25%        N/A       4%          3
 Ozocubu's Armour         Ice            25%        N/A       4%          3
 Portal Projectile        Hex/Tloc       50%        N/A       4%          3
 Spider Form              Tmut/Pois      25%        N/A       4%          3
 Summon Guardian Golem    Hex/Summ       25%        N/A       4%          3
 Swiftness                Air            25%        N/A       4%          3
 Teleport Other           Tloc           25%        N/A       4%          3
 Tukima's Dance           Hex            25%        N/A       4%          3
 Conjure Ball Lightning   Conj/Air       36%        3x3d12    4%          6
 Ignition                 Fire           49%        3d14      4%          8
 Airstrike                Air            12%        2d(2-18)  16%         4
 Anguish                  Hex/Necr       12%        N/A       16%         4
 Dispel Undead            Necr           25%        3d12      16%         4
 Ice Form                 Ice/Tmut       25%        N/A       16%         4
 Leda's Liquefaction      Hex/Erth       12%        N/A       16%         4
 Summon Ice Beast         Ice/Summ       25%        N/A       16%         4
 Summon Lightning Spire   Summ/Air       25%        N/A       16%         4
 Metabolic Englaciation   Hex/Ice        12%        N/A       41%         5
 Silence                  Hex/Air        12%        N/A       41%         5
 Summon Mana Viper        Hex/Summ       25%        N/A       41%         5
 Death Channel            Necr           12%        N/A       94%         6
 Simulacrum               Ice/Necr       12%        N/A       94%         6
 Dragon Form              Tmut           12%        N/A       100%        7
 Enfeeble                 Hex            12%        N/A       100%        7
 Haunt                    Necr/Summ      12%        N/A       100%        7
 Monstrous Menagerie      Summ           12%        N/A       100%        7
 Chain Lightning          Conj/Air       36%        3d48      100%        9
 Shatter                  Erth           12%        3d13*     100%        9
 Animate Armour           Summ/Erth      Unusable   N/A       N/A         4

Dungeon Overview and Level Annotations

Branches:
Dungeon (15/15)            Temple (1/1) D:6            Lair (5/5) D:8
  Swamp (4/4) Lair:3       Spider (3/4) Lair:3        Slime (0/5) Lair:4
    Orc (2/2) D:9             Elf (0/3) Orc:2        Vaults (0/5) D:14
 Depths (0/4) D:15         Bailey (visited)           IceCv (visited)

Altars:
Cheibriados
Dithmenos
Elyvilon
Hepliaklqana
Makhleb
Nemelex Xobeh
Okawaru
Sif Muna
Trog
Vehumet
Yredelemnul
The Shining One
Jiyva

Shops:
D:1 !::*   D:10 *   Orc:2 (=[*

Portals:
Trove: D:12 (give +6 ice dragon scales)

Annotations:
Lair:3 playitleo's ghost, adept GnEE
Spider:2 Roxanne
Spider:3 Nikola


Innate Abilities, Weirdness & Mutations

You can spit globs of acid.
Your golden yellow scales are hard. (AC +9)
You cannot fit into any form of body armour.
You have acidic saliva.
You are cold-blooded and may be slowed by cold attacks.
You are resistant to acid. (rCorr)


Message History

The jumping spider bites you but does no damage.
Unknown command.
Casting: Starburst (mildly dangerous; 1% risk of failure)
Confirm with . or Enter, or press ? or * to list all spells.
Casting: Starburst (mildly dangerous; 1% risk of failure)
Press: ? - help, Dir - look around, f - activate The bolt of fire hits the jumping spider!!!
You kill the jumping spider!
Sif Muna accepts your kill.
The bolt of fire hits the jumping spider!!!
You kill the jumping spider!
Sif Muna accepts your kill.
The bolt of fire misses the spark wasp.
The spark wasp stings you but does no damage.
The spark wasp stings you!! The spark wasp shocks you!
Unknown command.
Casting: Starburst (mildly dangerous; 1% risk of failure)
Confirm with . or Enter, or press ? or * to list all spells.
Casting: Starburst (mildly dangerous; 1% risk of failure)
Press: ? - help, Dir - look around, f - activate The bolt of fire hits the spark wasp!!
The spark wasp is moderately wounded.
The bolt of fire hits the spark wasp!!!
The spark wasp is almost dead.
The bolt of fire hits the tarantella!!!
You kill the tarantella!
Sif Muna accepts your kill. The spark wasp stings you.
The spark wasp shocks you! The spark wasp barely misses you.
Nikola the Mad Inventor comes into view.
He is wielding a +1 rapier of electrocution and wearing a +1 cloak of willpower.
The spark wasp stings you! The spark wasp shocks you!
Unknown command.
Unknown command.
The spark wasp misses you. The spark wasp stings you!
* * * LOW HITPOINT WARNING * * *
The spark wasp shocks you!
* * * LOW HITPOINT WARNING * * *
Nikola gestures at you while chanting. The bolt of lightning hits you!!!
You die...

# # ..... # # .^#......## .## #
...#......##..# #
#...........#.## # #
#^........^..#^#@# #
#...............# #
#........y†..# #
#.......@y..#######
#########.........#.##..^.##
##..........^.#######......##
.^.#.........#######........##
...#........####......^......###
#.....##..#####^.............^.#
#....###### ##...........^.....#
..#### ###..................#
.##
#######....................##


You could see Nikola and 2 spark wasps.

Vanquished Creatures
  the Lernaean hydra (Swamp:4)
  A kraken (Swamp:1)
  Gastronok (D:8)
  Frances (Spider:2)
  A fenstrider witch (Swamp:3)
  A frost giant (D:15)
  2 emperor scorpions
  The ghost of FacelessVoid the Crack Shot, a journeyman MiHu of Okawaru (Swamp:1)
  A ghost moth (shapeshifter) (D:14)
  A very ugly thing (IceCv)
  A broodmother (Spider:3)
  2 eleionomae
  Nessos (D:13)
  6 bunyips
  A spark wasp (Spider:2)
  The ghost of dolemite99 the Severer, a journeyman HOFi of Okawaru (Lair:3)
  Snorg (Lair:5)
  A fire dragon (Lair:5)
  3 entropy weavers
  26 hydras
  A caustic shrike simulacrum (IceCv)
  2 ghost crabs
  Erolcha (D:11)
  3 centaur warriors
  13 alligators
  4 boulder beetles
  4 two-headed ogres
  The ghost of Fiji Kou the Summoner, a journeyman FeSu of Gozag (Lair:3)
  2 tengu warriors
  Urug (Lair:5)
  11 death yaks
  3 orc high priests (Orc:2)
  A spriggan berserker (Swamp:4)
  3 pharaoh ants
  7 spriggans
  3 sun moths
  A skeletal warrior (D:14)
  4 spriggan druids
  Amaemon (D:9)
  9 swamp dragons
  3 goliath frogs
  2 wizards (D:14)
  6 orb spiders
  7 bog bodies
  Pikel (D:4)
  An obsidian statue (D:12)
  2 orange crystal statues (IceCv)
  6 steelbarb worms
  A wolf spider zombie (D:14)
  4 orc sorcerers (Orc:2)
  11 wolf spiders
  5 orc knights
  3 deep elf pyromancers
  A lindwurm (Lair:5)
  15 ugly things
  18 elephants
  3 moths of wrath
  4 will-o-the-wisps
  3 manticores
  11 black mambas
  A cyclops (D:15)
  8 cane toads
  An ice statue (D:15)
  A black mamba (shapeshifter) (D:13)
  2 molten gargoyles (Lair:5)
  A gargoyle (D:13)
  2 torpor snails (Spider:3)
  An orange demon (D:9)
  An unseen horror (D:10)
  Maggie (D:9)
  3 demonic crawlers
  An efreet (D:14)
  10 komodo dragons
  An anaconda simulacrum (IceCv)
  3 tengu conjurers
  4 freezing wraiths (IceCv)
  2 rime drakes
  A golden dragon simulacrum (IceCv)
  2 polar bears
  6 tyrant leeches
  6 trolls
  A wind drake (shapeshifter) (D:14)
  21 tarantellas
  A tarantella (shapeshifter) (D:14)
  10 hornets
  12 blink frogs
  Prince Ribbit (D:5)
  7 dream sheep
  19 slime creatures
  27 jumping spiders
  Sigmund (D:3)
  2 shadows
  2 dire elephant simulacra (IceCv)
  15 culicivoras
  A wraith (D:14)
  A vampire (D:14)
  28 yaks
  11 wyverns
  9 basilisks
  2 steam dragons
  17 vampire mosquitoes
  Grum (D:8)
  39 redbacks
  Menkaure (D:6)
  A harpy simulacrum (IceCv)
  16 swamp worms
  A warg (Orc:1)
  3 hydra simulacra (IceCv)
  Duvessa (D:6)
  2 acid dragons (D:14)
  4 hell hounds (Lair:5)
  10 water moccasins
  7 swamp drakes (Swamp:4)
  33 orc warriors
  2 hornet zombies (D:7)
  A sky beast (D:7)
  2 ice beasts
  2 black bears
  5 ettin simulacra (IceCv)
  An alligator simulacrum (IceCv)
  13 wolves
  2 ogres
  9 centaurs
  3 phantoms
  The ghost of hikkokomori the Conjurer, an amateur GrRe (D:3)
  9 kobold brigands
  15 bullfrogs
  A wyvern zombie (D:7)
  3 necrophages
  3 scorpions
  A gnoll sergeant (D:8)
  4 wights (D:8)
  A water moccasin zombie (D:7)
  Dowan (D:6)
  A lindwurm simulacrum (IceCv)
  5 killer bees (D:6)
  9 howler monkeys
  5 lava snakes (Lair:5)
  4 centaur zombies
  4 hounds
  25 orc priests
  A jelly (D:4)
  Crazy Yiuf (D:3)
  2 gnoll boudas
  2 hell rats (Lair:1)
  6 iguanas
  31 orc wizards
  A statue (D:8)
  A howler monkey zombie (D:7)
  11 river rats (Lair:1)
  3 adders
  14 gnolls
  2 white imps
  3 worms
  2 dart slugs
  69 orcs
  7 endoplasms
  3 giant cockroaches
  13 goblins
  12 hobgoblins
  7 jackals
  52 kobolds
  8 quokkas
  6 ball pythons
  7 bats
  4 frilled lizards
  4 rats
  4 tentacles (Swamp:1)
1009 creatures vanquished.

Vanquished Creatures (collateral kills)
  An orc warlord (Orc:2)
  A very ugly thing (IceCv)
  A komodo dragon (Lair:3)
  A jumping spider (Spider:2)
  A redback (Spider:2)
5 creatures vanquished.

Vanquished Creatures (others)
  A tengu warrior (D:15)
  2 bushes (Lair:4)
  4 foxfires
  45 fungi
  55 plants
  4 tentacles (Swamp:1)
  7 withered plants (D:14)
118 creatures vanquished.

Grand Total: 1132 creatures vanquished

Notes
Turn   | Place    | Note
-------+----------+-------------------------------------------
     0 | D:1      | BubbleThief the Draconian Conjurer began the quest for the
                  | Orb.
     0 | D:1      | Reached XP level 1. HP: 14/14 MP: 3/3
    12 | D:1      | Found Jaomn's Book Emporium.
   114 | D:1      | Found Kusowokk's Distillery.
   382 | D:1      | Found Ylao's Book Emporium.
   435 | D:1      | Reached XP level 2. HP: 20/20 MP: 0/5
   846 | D:1      | Found a faded altar of an unknown god.
  1209 | D:1      | Found Ufauten's Assorted Antiques.
  1315 | D:2      | Reached XP level 3. HP: 26/26 MP: 0/6
  1785 | D:2      | You fall into a shaft and drop 2 floors!
  1789 | D:4      | Learned a level 2 spell: Searing Ray
  1892 | D:4      | Reached skill level 5 in Conjurations
  2017 | D:3      | Found a runed translucent door.
  2018 | D:3      | Noticed Crazy Yiuf
  2202 | D:3      | Noticed Sigmund
  2220 | D:3      | Found a runed translucent door.
  2220 | D:3      | Noticed hikkokomori's ghost (amateur GrRe)
  2245 | D:3      | Reached XP level 4. HP: 30/33 MP: 1/8
  2772 | D:2      | Identified the +0 spear "Q" {heavy, rN+ Will+}
  3879 | D:3      | Killed Sigmund
  3880 | D:3      | Reached XP level 5. HP: 38/38 MP: 1/10
  3880 | D:3      | Reached XP level 6. HP: 45/45 MP: 1/11
  4069 | D:3      | Killed hikkokomori's ghost
  4200 | D:3      | Killed Crazy Yiuf
  4613 | D:4      | Your scales start taking on a golden yellow colour.
  4613 | D:4      | Reached XP level 7. HP: 50/50 MP: 8/13
  4613 | D:4      | Gained mutation: You are resistant to acid. (rCorr) [Yellow
                  | Draconian growth]
  4701 | D:4      | Noticed Pikel
  4711 | D:4      | Killed Pikel
  4712 | D:4      | Reached skill level 5 in Spellcasting
  4712 | D:4      | Reached XP level 8. HP: 30/57 MP: 3/15
  5525 | D:5      | Entered Level 5 of the Dungeon
  6020 | D:5      | Learned a level 5 spell: Fireball
  6114 | D:5      | Reached skill level 1 in Fighting
  6114 | D:5      | Reached skill level 10 in Conjurations
  6197 | D:5      | Noticed Prince Ribbit
  6206 | D:5      | Killed Prince Ribbit
  6258 | D:5      | Reached XP level 9. HP: 69/69 MP: 12/18
  7142 | D:6      | Learned a level 4 spell: Sticky Flame
  7259 | D:6      | Reached skill level 5 in Fighting
  7260 | D:6      | Found a staircase to the Ecumenical Temple.
  7273 | Temple   | Entered the Ecumenical Temple
  7322 | Temple   | Became a worshipper of Sif Muna the Loreminder
  7356 | D:6      | Noticed Duvessa
  7356 | D:6      | Noticed Dowan
  7371 | D:6      | Killed Dowan
  7373 | D:6      | Killed Duvessa
  7456 | D:6      | Reached skill level 5 in Fire Magic
  7482 | D:6      | Noticed Menkaure
  7486 | D:6      | Killed Menkaure
  7747 | D:6      | Found a burning altar of Makhleb.
  8170 | D:7      | Found a flagged portal.
  8196 | Bailey   | Entered a bailey
  8232 | Bailey   | Reached * piety under Sif Muna
  8263 | Bailey   | Reached XP level 10. HP: 84/86 MP: 4/19
  8402 | Bailey   | Noticed an orc knight
  8427 | Bailey   | Killed an orc knight
  8567 | Bailey   | Found an iron altar of Okawaru.
  9165 | D:7      | Found a basalt altar of Yredelemnul.
 10065 | D:8      | Reached ** piety under Sif Muna
 10208 | D:8      | Noticed a two-headed ogre
 10216 | D:8      | Killed a two-headed ogre
 10222 | D:8      | Paralysed by a hornet for 3 turns
 10337 | D:8      | Noticed an elephant
 10393 | D:8      | Killed an elephant
 10403 | D:8      | Noticed Grum
 10416 | D:8      | Killed Grum
 10430 | D:8      | Noticed Gastronok
 10571 | D:8      | Found a staircase to the Lair.
 10587 | Lair:1   | Entered Level 1 of the Lair of Beasts
 10594 | Lair:1   | Reached XP level 11. HP: 99/99 MP: 15/20
 10650 | Lair:1   | Reached skill level 10 in Fighting
 11392 | Lair:1   | Reached skill level 10 in Fire Magic
 12007 | Lair:2   | Reached *** piety under Sif Muna
 12121 | Lair:2   | Learned a level 3 spell: Ignite Poison
 12799 | Lair:3   | Noticed a pharaoh ant
 12799 | Lair:3   | Found a hole to the Spider Nest.
 12807 | Lair:2   | Killed a pharaoh ant
 12964 | Lair:3   | Reached XP level 12. HP: 97/106 MP: 2/24
 13299 | Lair:3   | Noticed a death yak
 13318 | Lair:3   | Killed a death yak
 13390 | Lair:3   | Found a staircase to the Swamp.
 13426 | Lair:3   | Noticed a death yak
 13426 | Lair:3   | Noticed a death yak
 13427 | Lair:3   | Noticed a death yak
 13427 | Lair:3   | Noticed a death yak
 13428 | Lair:3   | Noticed a death yak
 13437 | Lair:3   | Killed a death yak
 13440 | Lair:3   | Killed a death yak
 13445 | Lair:3   | Killed a death yak
 13451 | Lair:3   | Killed a death yak
 13458 | Lair:3   | Killed a death yak
 13608 | Lair:3   | Found a runed translucent gate.
 13608 | Lair:3   | Found a runed translucent gate.
 13666 | Lair:3   | Found a runed translucent gate.
 13669 | Lair:3   | Noticed dolemite99's ghost (journeyman HOFi)
 13669 | Lair:3   | Noticed Fiji Kou's ghost (journeyman FeSu)
 13669 | Lair:3   | Noticed playitleo's ghost (adept GnEE)
 14186 | Lair:4   | Noticed a four-headed hydra
 14187 | Lair:4   | Reached skill level 10 in Spellcasting
 14189 | Lair:4   | Killed a four-headed hydra
 14365 | Lair:4   | Noticed a boulder beetle
 14375 | Lair:4   | Killed a boulder beetle
 14486 | Lair:4   | Reached **** piety under Sif Muna
 14587 | Lair:4   | Noticed a death yak
 14588 | Lair:4   | Noticed a death yak
 14591 | Lair:4   | Noticed a death yak
 14607 | Lair:4   | Noticed a death yak
 14609 | Lair:4   | Noticed a death yak
 14612 | Lair:4   | Killed a death yak
 14632 | Lair:4   | Killed a death yak
 14636 | Lair:4   | Killed a death yak
 14637 | Lair:4   | Reached XP level 13. HP: 92/113 MP: 4/27
 14909 | Lair:4   | Found a viscous altar of Jiyva.
 14910 | Lair:4   | Found a staircase to the Slime Pits.
 15615 | Lair:5   | Entered Level 5 of the Lair of Beasts
 16553 | Lair:5   | Noticed Snorg
 16650 | D:8      | Reached ***** piety under Sif Muna
 16868 | D:8      | Killed Gastronok
 17117 | D:8      | Found a radiant altar of Vehumet.
 17558 | D:9      | Found a glowing golden altar of the Shining One.
 17660 | D:9      | Found a staircase to the Orcish Mines.
 17750 | D:9      | Noticed Maggie
 17754 | D:9      | Killed Maggie
 17998 | D:9      | Found a hazy altar of Hepliaklqana.
 18155 | D:9      | Noticed Amaemon
 18161 | D:9      | Killed Amaemon
 18287 | D:9      | Found a white marble altar of Elyvilon.
 18453 | D:10     | Entered Level 10 of the Dungeon
 18453 | D:10     | Found Heimig's General Store.
 18785 | D:10     | Received a gift from Sif Muna
 19001 | D:10     | Found an iron altar of Okawaru.
 19099 | D:10     | Found a bloodstained altar of Trog.
 19660 | D:11     | Noticed Erolcha
 19666 | D:11     | Killed Erolcha
 19674 | D:11     | Gained mutation: You have acidic saliva. [Yellow Draconian
                  | growth]
 19674 | D:11     | Reached XP level 14. HP: 92/121 MP: 12/29
 20424 | D:12     | Identified the +8 halberd of the Ancient Wars {spect, rN+
                  | Will+ Str+3}
 20650 | D:12     | Found a portal to a secret trove of treasure.
 20891 | D:13     | Reached skill level 1 in Shields
 21697 | D:13     | Noticed Nessos
 21701 | D:13     | Killed Nessos
 21989 | D:13     | Received a gift from Sif Muna
 21990 | D:13     | Got Futem's Precepts of Percussion {god gift}
 22757 | Orc:1    | Entered Level 1 of the Orcish Mines
 22933 | Orc:2    | Entered Level 2 of the Orcish Mines
 23138 | Orc:2    | Noticed an orc warlord
 23144 | Orc:2    | Killed an orc warlord
 23456 | Orc:2    | Found Gustretty's General Store.
 23456 | Orc:2    | Found Kavvapn's Jewellery Emporium.
 23478 | Orc:2    | Found Rotyev's Antique Armour Emporium.
 23478 | Orc:2    | Found Forotori's Antique Weapon Shoppe.
 23566 | Orc:2    | Bought a scroll of enchant armour for 105 gold pieces
 23566 | Orc:2    | Bought a potion of heal wounds for 70 gold pieces
 23587 | Orc:2    | Bought the ring of the Scavenger {rF+ rC+ Int+6} for 741
                  | gold pieces
 23600 | Orc:2    | Bought a masterwork falchion for 264 gold pieces
 23600 | Orc:2    | Identified the +2 falchion of Dithmenos {freeze, rF+ rC++
                  | Will+ rCorr Dex-4} (You bought it in a shop on level 2 of
                  | the Orcish Mines)
 23760 | Orc:2    | Found a staircase to the Elven Halls.
 23775 | Orc:2    | Received a gift from Sif Muna
 23921 | Orc:1    | Upgraded the game from 0.30-a0-799-g109b55a442 to
                  | 0.30-a0-800-g7c544603b3
 24128 | Orc:2    | Got Sif Muna's Elucidation of the Macabre Salvo {god gift}
 24658 | D:10     | Learned a level 6 spell: Starburst
 24745 | D:14     | Reached skill level 15 in Conjurations
 25006 | D:14     | Reached skill level 15 in Fire Magic
 25444 | D:14     | Found a gate to the Vaults.
 25483 | D:13     | Learned a level 6 spell: Iron Shot
 25489 | D:13     | Learned a level 5 spell: Irradiate
 25497 | D:14     | Reached XP level 15. HP: 72/126 MP: 1/32
 25631 | D:14     | Noticed an emperor scorpion
 25631 | D:14     | an emperor scorpion changed into something unseen
 25956 | D:14     | Found a sparkling altar of Nemelex Xobeh.
 26124 | D:14     | Got the Parchment of Helpful Execration
 26328 | D:15     | Entered Level 15 of the Dungeon
 26421 | D:15     | Found a frozen archway.
 26475 | IceCv    | Entered an ice cave
 26739 | IceCv    | Identified the +1 leather armour of the Heavens {Rampage
                  | +Inv Str-3 Int-2}
 27219 | IceCv    | Found the +5 Lochaber axe {reach-cleave, Poleaxe Drain}
 27237 | IceCv    | Identified the +3 mace "Qomnit" {pain, *Corrode rElec
                  | Will++ Dex+3}
 27296 | D:15     | Learned a level 9 spell: Fire Storm
 27404 | D:15     | Found a shadowy altar of Dithmenos.
 27676 | D:15     | Received a gift from Sif Muna
 27679 | D:15     | Got Sif Muna's Enchiridion on Pyromancy and the Curse {god
                  | gift}
 27826 | D:15     | Noticed a frost giant
 27832 | D:15     | Killed a frost giant
 28210 | D:15     | Found a staircase to the Depths.
 29005 | Lair:3   | Killed Fiji Kou's ghost
 29006 | Lair:3   | Killed dolemite99's ghost
 29755 | Lair:5   | Noticed Urug
 29761 | Lair:5   | Killed Urug
 29943 | Lair:5   | Killed Snorg
 30230 | Lair:5   | Found a large runed translucent door.
 30231 | Lair:5   | Found a large runed translucent door.
 30881 | Swamp:1  | Entered Level 1 of the Swamp
 30883 | Swamp:1  | Noticed a kraken
 30890 | Swamp:1  | Killed a kraken
 31321 | Swamp:1  | Reached XP level 16. HP: 134/134 MP: 28/34
 31848 | Swamp:1  | Found a runed translucent gate.
 31848 | Swamp:1  | Found a runed translucent gate.
 31848 | Swamp:1  | Found a runed translucent gate.
 31851 | Swamp:1  | Noticed FacelessVoid's ghost (journeyman MiHu)
 31863 | Swamp:1  | HP: 6/134 [FacelessVoid's ghost (38)]
 31863 | Swamp:1  | HP: 2/134 [FacelessVoid's ghost (4)]
 31868 | Swamp:1  | Killed FacelessVoid's ghost
 31868 | Swamp:1  | Received a gift from Sif Muna
 31869 | Swamp:1  | Got Sif Muna's Opusculum on Flesh and Spellbinding {god
                  | gift}
 33278 | Swamp:2  | You fall into a shaft and drop 1 floor!
 33662 | Swamp:3  | Reached skill level 15 in Spellcasting
 34574 | Swamp:4  | Entered Level 4 of the Swamp
 35874 | Swamp:4  | Received a gift from Sif Muna
 35875 | Swamp:4  | Got Sif Muna's Codex of the Missiles {god gift}
 36015 | Swamp:4  | Noticed the 27-headed Lernaean hydra
 36022 | Swamp:4  | Killed the 27-headed Lernaean hydra
 36116 | Swamp:4  | Reached XP level 17. HP: 140/140 MP: 10/36
 36822 | Swamp:4  | Got a decaying rune of Zot
 37036 | Spider:1 | Entered Level 1 of the Spider Nest
 38523 | Spider:2 | Reached ****** piety under Sif Muna
 38523 | Spider:2 | Received a gift from Sif Muna
 38764 | Spider:2 | HP: 5/210 [wolf spider (22)]
 38764 | Spider:2 | HP: 2/210 [wolf spider (3)]
 39305 | Spider:2 | Identified a scroll of acquirement
 39314 | Spider:2 | Acquired a staff of fire
 39320 | Spider:2 | Noticed Frances
 39325 | Spider:2 | Killed Frances
 39500 | Spider:2 | Identified Roxanne's Discourse on Transformation
 39500 | Spider:2 | Noticed Roxanne
 41007 | Spider:3 | Received a gift from Sif Muna
 41378 | Spider:3 | Noticed Nikola
 41379 | Spider:3 | Killed from afar by Nikola

Illustrated notes

Levels and vault maps discovered:
D:1:      spicycebolla_arrival_transporter_tutorial, layout_basic,
          hellmonk_ecumenical_altar_pennies_from_heaven, serial_shops, shop,
          shop_statue, nicolae_square_shop, nicolae_square_shop
D:2:      wad_river_or_something, layout_loops_ring, minmay_misc_feat_roman,
          minmay_goblin_kobold_house
D:3:      cheibrodos_greedy_goblins, layout_basic, gammafunk_ghost_grave,
          glass_columns_c, uniq_sigmund, uniq_crazy_yiuf_cottage
D:4:      kennysheep_kobold_camp, layout_loops_ring, uniq_pikel
D:5:      layout_loops_ring, serial_glass, glass_columns_b, glass_columns_a,
          glass_columns_a, glass_columns_a, glass_columns_a, glass_columns_a,
          serial_park_tiny_pond, grunt_ministairs_12, uniq_prince_ribbit1
D:6:      layout_loops_ring, lightli_temple_of_fire, minmay_temple_entry_tees,
          kennysheep_small_square, uniq_menkaure, uniq_duvessa
D:7:      layout_basic, nicolae_yredelemnul_corpse_copse, enter_bailey_2
D:8:      layout_loops_cross, vehumet_statue, david_lair_generic,
          uniq_gastronok, uniq_grum
D:9:      layout_rooms, mainiacjoe_overflow_surrounded_room,
          mainiacjoe_overflow_brackets, kennysheep_mini_moat, orc_0_dummy,
          serial_glass, glass_columns_c, glass_columns_c, uniq_maggie,
          uniq_amaemon
D:10:     layout_long_grid, nicolae_overflow_crystal_walls,
          lemuel_coloured_pillars_altar, nicolae_stop_n_shop_2, nrook_uturn
D:11:     layout_rooms, uniq_erolcha
D:12:     layout_long_grid, enter_trove_3, minmay_statue_bubble
D:13:     layout_layer_cave, uniq_nessos
D:14:     layout_loops_cross, david_vaults_2, nemelex_xobeh_ov_fountains_minmay,
          serial_undead, serial_undead_e, serial_undead_b, serial_undead_c,
          serial_undead_c
D:15:     grunt_enter_depths_snipers, layout_small_grid,
          grunt_dithmenos_smoke_and_mirrors,
          portal_ice_cave_entry_ice_statue_one, grunt_ministairs_8
Temple:   minmay_temple_curvy_branch
Lair:1:   layout_hall_layers, kennysheep_rathole, grunt_megastairs_3
Lair:2:   layout_roguey, chequers_serial_rivers_room_a
Lair:3:   layout_misc_corridors, swamp_mist,
          nicolae_spider_entry_lesser_pyramids, gammafunk_ghost_cemetery,
          minivault_23, beast_lair_carwin_4
Lair:4:   layout_gridlike, slime_entry_1, lemuel_fruit_tree
Lair:5:   cheibrodos_lair_end_hotspot, layout_regular_city, uniq_urug,
          uniq_snorg
Swamp:1:  layout_basic_swamp, ebering_ghost_rock_garden, hangedman_swamp_pad,
          swamp_pool1, nicolae_swamp_thats_no_hydra
Swamp:2:  layout_basic_swamp, hangedman_swamp_cone, swamp_pool2
Swamp:3:  layout_falls_marsh, nicolae_swamp_tree_isthmus
Swamp:4:  swamp_basic_johnstein, layout_basic_swamp
Spider:1: layout_spider_delve
Spider:2: layout_chambers, hangedman_spider_mandibles,
          nicolae_spider_paper_wasps, uniq_frances, uniq_roxanne
Spider:3: layout_cave_pods, uniq_nikola
Orc:1:    layout_caves, basic_altar
Orc:2:    st_orc_congregation, layout_caves, special_room

Skill      XL: |  1  2  3  4  5  6  7  8  9 10 11 12 13 14 15 16 17 |
---------------+----------------------------------------------------+-----
Conjurations   | 5 6 7 8 10 11 12 13 15 16 17 19 | 19.0
Spellcasting   | 3 4 5 6 8 10 11 13 14 15 16 | 16.0
Fighting       | 3 7 9 10 | 10.0
Fire Magic     | 2 6 9 10 12 13 15 16 17 19 | 19.0
Shields        | 1 |  1.1
Dodging        | |  1.7
Stealth        | |  1.7

Action                     |  1- 3 |  4- 6 |  7- 9 | 10-12 | 13-15 | 16-18 || total
---------------------------+-------+-------+-------+-------+-------+-------++-------
  Melee: Unarmed           |     2 |       |       |       |       |       ||     2
         Short sword       |    14 |    16 |       |       |       |       ||    30
         Tailslap          |     2 |     5 |     5 |    48 |   110 |    20 ||   190
         Punch             |     1 |       |       |     4 |     2 |       ||     7
         Spear             |       |    10 |    55 |   215 |   198 |       ||   478
         Halberd           |       |       |       |       |   276 |   122 ||   398
         Bite              |       |       |       |       |    28 |    18 ||    46
   Cast: Magic Dart        |    96 |    51 |    56 |       |       |       ||   203
         Searing Ray       |       |    14 |    37 |     2 |       |       ||    53
         Fireball          |       |       |     9 |    56 |   119 |   139 ||   323
         Sticky Flame      |       |       |     2 |    84 |   130 |    40 ||   256
         Starburst         |       |       |       |       |   100 |   131 ||   231
         Iron Shot         |       |       |       |       |     9 |     2 ||    11
         Irradiate         |       |       |       |       |     1 |     1 ||     2
 Invoke: Channel Magic     |       |       |       |       |     1 |       ||     1
Ability: Breathe Acid      |       |       |    19 |    41 |    71 |    27 ||   158
  Evoke: Wand              |       |       |       |     6 |    11 |       ||    17
         Phantom mirror    |       |       |       |     1 |     2 |     1 ||     4
    Use: Scroll            |       |       |     1 |    10 |    24 |     4 ||    39
         Potion            |       |       |       |     1 |     1 |     4 ||     6
   Stab: Sleeping          |       |       |     1 |       |       |     1 ||     2
         Distracted        |       |       |       |       |     2 |     1 ||     3
 Armour: Skin              |     9 |    16 |    39 |   134 |   343 |   175 ||   716
  Dodge: Dodged            |    23 |    21 |   150 |   357 |   717 |   221 ||  1489
  Block: Buckler           |       |       |       |       |     1 |       ||     1

Table legend: (Time is in decaauts)
 A = Elapsed time spent in this place.
 B = Non-inter-level travel time spent in this place.
 C = Inter-level travel time spent in this place.
 D = Time resting spent in this place.
 E = Time spent auto-exploring this place.
 F = Levels seen in this place.
 G = Mean time per level.
                   A        B        C        D        E       F      G
               +--------+--------+--------+--------+--------+-----+--------+
         Total |  42194 |  40645 |   1549 |   5609 |  28574 |  32 | 1318.6 |
       Dungeon |  20151 |  19467 |    684 |    751 |  15711 |  15 | 1343.4 |
        Temple |     74 |     50 |     24 |      0 |     44 |   1 |   74.0 |
          Lair |   8450 |   7920 |    530 |   1044 |   5563 |   5 | 1690.0 |
         Swamp |   5939 |   5794 |    145 |   2047 |   3009 |   4 | 1484.8 |
   Spider Nest |   4415 |   4402 |     13 |    968 |   2842 |   3 | 1471.7 |
  Orcish Mines |   1920 |   1769 |    151 |    328 |    977 |   2 |  960.0 |
        Bailey |    418 |    418 |      0 |     76 |    217 |   1 |  418.0 |
      Ice Cave |    824 |    824 |      0 |    394 |    210 |   1 |  824.0 |
               +--------+--------+--------+--------+--------+-----+--------+

Top non-repeatable levels by time:
  Lair:5: 2721 daAuts
Spider:2: 2615 daAuts
    D:13: 2119 daAuts
 Swamp:3: 2070 daAuts
  Lair:3: 1739 daAuts
    D:14: 1727 daAuts
     D:8: 1661 daAuts
  Lair:4: 1576 daAuts
 Swamp:2: 1575 daAuts
     D:2: 1484 daAuts
     D:7: 1474 daAuts
     D:4: 1416 daAuts
    D:15: 1410 daAuts
     D:3: 1333 daAuts
     D:1: 1312 daAuts
